 Dungeon Sprint DCSS version 0.27.1 (webtiles) character file.

Game seed: 14069439992938089059

2163 styxcanada the Unseen (level 9, 0/72 HPs)
             Began as a Spriggan Brigand on Aug 29, 2021.
             Was an Initiate of Gozag.
             Killed themself with a badly aimed iceblast (14 damage)
             ... in the Dungeon (Sprint III: "The Ten Rune Challenge").
             The game lasted 00:12:15 (851 turns).

styxcanada the Unseen (Spriggan Brigand)             Turns: 851, Time: 00:12:15

Health: 0/72       AC: 24    Str:  5    XL:     9   Next: 10%
Magic:  10/18      EV:  4    Int: 12    God:    Gozag
Gold:   849        SH:  0    Dex: 20    Spells: 7/19 levels left

rFire    . . .     SeeInvis +   a - +2 dagger
rCold    . . .     Faith    .   (shield restricted)
rNeg     + + +     Spirit   .   (armour currently unavailable)
rPois    +         Reflect  .   (helmet currently unavailable)
rElec    .         Harm     .   (cloak currently unavailable)
rCorr    .         Rampage  .   (gloves unavailable)
Will     +....     NoTele   +   (boots unavailable)
Stlth    ++++++++..             (no amulet)
HPRegen  0.22/turn              (no ring)
MPRegen  0.16/turn              (no ring)

@: tree-form, gold aura, studying Hexes
A: stationary, stasis, torment immunity, boosted hp, very small, no large
weapons, unfitting armour, see invisible, (speed 3), (shaggy fur 1), weak 1,
evolution 1
a: Renounce Religion, Potion Petition, Call Merchant, Bribe Branch


You were in the Dungeon.
You worshipped Gozag.
Gozag was pleased with you.
You were a tree.
You visited 1 branch You collected 849 gold pieces.

Inventory:

Hand Weapons
 a - a +2 dagger (weapon)
 j - a +1 long sword of holy wrath
Missiles
 d - 6 poisoned darts (quivered)
Armour
 b - a +0 robe (melded)
 c - a +0 cloak (melded)
Wands
 o - a wand of iceblast (5)
Scrolls
 k - a scroll of blinking
 l - a scroll of holy word {unknown}
 m - a scroll of fog {unknown}
 p - a scroll of torment {unknown}
 q - a scroll of identify
Potions
 e - a potion of might
 h - a potion of haste
 i - 2 potions of magic
 n - 3 potions of flight
 r - a potion of lignification


   Skills:
 * Level 5.6 Fighting
 + Level 7.0 Short Blades
 + Level 6.4 Throwing
 * Level 9.2 Dodging
 * Level 20.9 Stealth
 * Level 5.5 Spellcasting
 * Level 7.9 Hexes


You had 7 spell levels left.
You knew the following spells:

 Your Spells              Type           Power      Damage    Failure   Level
a - Cause Fear            Hex            11%        N/A       8%          4
b - Discord               Hex            11%        N/A       100%        8

Your spell library contained the following spells:

 Spells                   Type           Power      Damage    Failure   Level
 Inner Flame              Hex/Fire       12%        N/A       11%         3
 Conjure Flame            Conj/Fire      3%         6-21      50%         3
 Ignite Poison            Fire/Tmut/Pois 3%         N/A       50%         3
 Sticky Flame             Conj/Fire      3%         2d3       88%         4


Dungeon Overview and Level Annotations

Branches:
Dungeon (1/1)

Altars:
Cheibriados
Dithmenos
Elyvilon
Fedhas
Gozag
Hepliaklqana
Kikubaaqudgha
Makhleb
Nemelex Xobeh
Okawaru
Qazlal
Ru
Sif Muna
Trog
Uskayaw
Vehumet
Wu Jian
Xom
Yredelemnul
Zin
The Shining One
Beogh
Jiyva
Lugonu


Innate Abilities, Weirdness & Mutations

You are a tree.
Your roots penetrate the ground, keeping you stationary.
You cannot be teleported.
You are immune to unholy pain and torment.
Your maximum health is greatly increased.
Your equipment is partially melded.
You are very small and have problems with some larger weapons.
You are too small for most types of armour.
You have supernaturally acute eyesight. (SInv)
((You cover ground extremely quickly. (Speed+++)))
((You are covered in fur. (AC +1)))
You are weak. (Str -2)
You evolve.


Message History

The centaur hits you but does no damage.
The centaur kicks you but does no damage.
The centaur warrior hits you!
* * * LOW HITPOINT WARNING * * *
The centaur warrior kicks you but does no damage.
You barely miss the centaur.
The centaur is heavily wounded.
The centaur hits you but does no damage.
The centaur kicks you but does no damage.
The centaur warrior hits you but does no damage.
The centaur warrior kicks you but does no damage.
You closely miss the centaur.
The centaur is heavily wounded.
The centaur hits you but does no damage.
The centaur kicks you but does no damage.
The centaur warrior hits you but does no damage.
The centaur warrior kicks you but does no damage.
You hit the centaur but do no damage.
The centaur is heavily wounded.
The centaur hits you but does no damage.
The centaur kicks you but does no damage.
The centaur warrior hits you but does no damage.
The centaur warrior kicks you but does no damage.
You hit the centaur but do no damage.
The centaur is heavily wounded.
The centaur barely misses you.
The centaur kicks you but does no damage.
The centaur warrior hits you but does no damage.
The centaur warrior kicks you but does no damage.
The centaur hits you but does no damage.
The centaur kicks you but does no damage.
Aiming: Iceblast
Press: ? - help, Shift-Dir - straight line, f/p - centaur
Aim: a centaur, quivering arrows (heavily wounded) That beam is likely to hit you.
Continue anyway?
The mass of ice explodes!
The iceblast engulfs the centaur!
You kill the centaur!
The iceblast engulfs you!
You die...
Your body crumbles into a pile of gold.

#___#__# $ #__)#._# $ $
#'###'##$$ .......# $
.......#$ $ $$$ ######'#
$$$ $
#v_#...#+###############
#__#...#.§§§§'.#c$.c.'.#
#__#...#.#§§§#.#♣#...#
#__#...'§#§§§#.#.#cc.#
#__'...#.#§§§#...#c..#
▓▓▓▓▓▓▓▓▓▓▓▓▓▓▓▓▓▓▓▓▓#


You could see a centaur warrior and a centaur.

Vanquished Creatures
  Snorg (D)
  A deep elf pyromancer (D)
  A shadow (D)
  A spatial vortex (D)
  A necrophage (D)
  A centaur (D)
  An earth elemental (D)
  A scorpion (D)
  A water elemental (D)
  A jelly (D)
  Jessica (D)
  A wizard (D)
  A necromancer (D)
  3 humans (D)
  A kobold demonologist (D)
  An endoplasm (D)
  2 rats (D)
20 creatures vanquished.

Notes
Turn   | Place    | Note
-------+----------+-------------------------------------------
     0 | D        | styxcanada the Spriggan Brigand began the quest for the
                  | Orb.
     0 | D        | Reached XP level 1. HP: 10/10 MP: 2/2
    10 | D        | Reached skill level 6 in Stealth
    16 | D        | Identified a scroll of acquirement
    16 | D        | Acquired a manual of Hexes
    46 | D        | Noticed Jessica
    50 | D        | Killed Jessica
    51 | D        | Reached skill level 9 in Stealth
    51 | D        | Reached XP level 2. HP: 15/15 MP: 3/3
    51 | D        | Reached XP level 3. HP: 18/18 MP: 4/4
    56 | D        | Noticed a scorpion
    59 | D        | Killed a scorpion
    60 | D        | Reached skill level 12 in Stealth
    60 | D        | Reached XP level 4. HP: 23/23 MP: 5/5
   142 | D        | Gained mutation: You have very sharp teeth. [potion of
                  | mutation]
   142 | D        | Gained mutation: You are somewhat resistant to further
                  | mutation. [potion of mutation]
   143 | D        | Lost mutation: You are somewhat resistant to further
                  | mutation. [potion of mutation]
   143 | D        | Gained mutation: You are clumsy. (Dex -2) [potion of
                  | mutation]
   143 | D        | Gained mutation: You evolve. [potion of mutation]
   143 | D        | Lost mutation: You evolve. [potion of mutation]
   144 | D        | Lost mutation: You are clumsy. (Dex -2) [potion of
                  | mutation]
   144 | D        | Gained mutation: You are partially covered in iridescent
                  | scales. (AC +2) [potion of mutation]
   144 | D        | Lost mutation: You are partially covered in iridescent
                  | scales. (AC +2) [potion of mutation]
   144 | D        | Gained mutation: You passively map a small area around you.
                  | [potion of mutation]
   145 | D        | Lost mutation: You have very sharp teeth. [potion of
                  | mutation]
   145 | D        | Lost mutation: You passively map a small area around you.
                  | [potion of mutation]
   145 | D        | Gained mutation: You are weak. (Str -2) [potion of
                  | mutation]
   145 | D        | Gained mutation: You are covered in fur. (AC +1) [potion of
                  | mutation]
   145 | D        | Gained mutation: You evolve. [potion of mutation]
   151 | D        | Noticed a water elemental
   154 | D        | Killed a water elemental
   155 | D        | Reached skill level 5 in Dodging
   155 | D        | Reached skill level 13 in Stealth
   155 | D        | Reached XP level 5. HP: 28/28 MP: 6/6
   164 | D        | Noticed a shadow
   166 | D        | Killed a shadow
   167 | D        | Reached skill level 16 in Stealth
   167 | D        | Reached XP level 6. HP: 33/33 MP: 7/7
   172 | D        | Found a blossoming altar of Fedhas.
   172 | D        | Found a stormy altar of Qazlal.
   172 | D        | Found a snail-covered altar of Cheibriados.
   172 | D        | Found a burning altar of Makhleb.
   172 | D        | Found a shimmering altar of Xom.
   172 | D        | Noticed a spatial vortex
   173 | D        | Found a hazy altar of Hepliaklqana.
   173 | D        | Found an opulent altar of Gozag.
   173 | D        | Found a sparkling altar of Nemelex Xobeh.
   173 | D        | Found a corrupted altar of Lugonu.
   173 | D        | Found a viscous altar of Jiyva.
   177 | D        | Became a worshipper of Gozag Ym Sagoz the Greedy
   242 | D        | Killed a spatial vortex
   243 | D        | Reached skill level 17 in Stealth
   395 | D        | Found a radiant altar of Vehumet.
   395 | D        | Found a shimmering blue altar of Sif Muna.
   395 | D        | Found an ancient bone altar of Kikubaaqudgha.
   397 | D        | Noticed a rust devil
   457 | D        | Noticed an orange demon
   495 | D        | Learned a level 4 spell: Cause Fear
   512 | D        | Found a glowing silver altar of Zin.
   512 | D        | Found a glowing golden altar of the Shining One.
   512 | D        | Found a white marble altar of Elyvilon.
   513 | D        | Noticed a deep elf pyromancer
   515 | D        | Killed a deep elf pyromancer
   516 | D        | Reached skill level 5 in Short Blades
   516 | D        | Reached skill level 19 in Stealth
   516 | D        | Reached XP level 7. HP: 38/38 MP: 7/12
   557 | D        | Found a hide-covered altar of Uskayaw.
   557 | D        | Found an iron altar of Okawaru.
   557 | D        | Found a bloodstained altar of Trog.
   557 | D        | Found an ornate altar of the Wu Jian Council.
   557 | D        | Noticed a human
   557 | D        | Noticed a human
   560 | D        | Killed a human
   561 | D        | Reached skill level 5 in Throwing
   561 | D        | Reached skill level 5 in Hexes
   561 | D        | Reached XP level 8. HP: 42/42 MP: 12/14
   602 | D        | Reached skill level 5 in Fighting
   740 | D        | Found a basalt altar of Yredelemnul.
   740 | D        | Found a shadowy altar of Dithmenos.
   740 | D        | Found a sacrificial altar of Ru.
   764 | D        | Learned a level 8 spell: Discord
   774 | D        | Noticed Snorg
   776 | D        | Killed Snorg
   777 | D        | Reached skill level 20 in Stealth
   777 | D        | Reached skill level 5 in Spellcasting
   777 | D        | Reached XP level 9. HP: 47/47 MP: 15/18
   807 | D        | Noticed a centaur warrior
   851 | D        | Killed themself with a badly aimed iceblast

Illustrated notes

Levels and vault maps discovered:
D:        dungeon_sprint_mu [sprint_mu_entry_cave, sprint_mu_temple_rooms,
          sprint_mu_d1_horrors, sprint_mu_d2_genie, sprint_mu_d3_branching,
          sprint_mu_orc_legion, sprint_mu_elf_gauntlet, sprint_mu_hive_nellie,
          sprint_mu_lair_fedhas, sprint_mu_vaults_butterflies,
          sprint_mu_slime_circle, sprint_mu_swamp_cave, sprint_mu_snake_twists,
          sprint_mu_blade_basic, sprint_mu_crypt_chambers,
          sprint_mu_tomb_spiral, sprint_mu_vestibule_basic,
          sprint_mu_gehenna_hellfire, sprint_mu_dis_giant,
          sprint_mu_tartarus_statrot, sprint_mu_cocytus_islands, sprint_mu_zot1]

Skill      XL: |  1  2  3  4  5  6  7  8 |
---------------+-------------------------+-----
Stealth        | 9 12 13 16 19 20 | 20.9
Fighting       | 2 3 4 5 |  5.6
Dodging        | 3 4 5 6 7 8 9 |  9.2
Short Blades   | 3 4 5 6 7 |  7.0
Throwing       | 3 4 5 6 |  6.4
Spellcasting   | 3 5 |  5.5
Hexes          | 4 5 7 |  7.9

Action                   |  1- 3 |  4- 6 |  7- 9 || total
-------------------------+-------+-------+-------++-------
Melee: Dagger            |     9 |    33 |    37 ||    79
Throw: Dart              |       |    20 |     8 ||    28
 Cast: Cause Fear        |       |       |     3 ||     3
Evoke: Wand              |       |       |     1 ||     1
  Use: Scroll            |     2 |       |       ||     2
       Potion            |       |     5 |     5 ||    10
 Stab: Sleeping          |     4 |     4 |     5 ||    13
Armor: Robe              |     1 |       |     5 ||     6
       Skin              |       |       |    78 ||    78
Dodge: Dodged            |     3 |     5 |    43 ||    51
